 Dungeon Crawl Stone Soup version 0.18.1-48-g4cf74bf (webtiles) character file.

125059 TrCK the Brawler (level 16, -1/158 HPs)
             Began as a Troll Fighter on Aug 31, 2016.
             Slain by a redback (7 damage)
             ... on level 4 of the Lair of Beasts.
             The game lasted 01:13:54 (24816 turns).

TrCK the Brawler (Troll Fighter)                   Turns: 24816, Time: 01:13:56

Health: -1/158     AC: 23    Str: 30      XL:     16   Next: 40%
Magic:  0/24       EV: 10    Int:  5 (6)  God:    Xom [...*..]
Gold:   272        SH: 12    Dex: 17      Spells: 0 memorised, 15 levels left

rFire  + . .     SeeInvis .       - Unarmed
rCold  + . .     Gourm    +     I - +0 troll leather armour
rNeg   . . .     Faith    .     Q - +0 shield {rF+}
rPois  +         Spirit   +     a - +1 hat
rElec  .         Dismiss  .     d - +2 cloak {MR+}
rCorr  .         Reflect  .     (gloves unavailable)
SustAt .         Harm     .     (boots unavailable)
MR     ++...     Rnd*Rage +     i - amulet of guardian spirit
Stlth  +.........               t - +5 ring of protection
                                J - ring of poison resistance

@: invisible, very resistant to hostile enchantments, very unstealthy
A: unfitting armour, beak, claws 3, molten scales 1, rough black scales 1, agile
2, berserk 2, clever 1, cold resistance 1, fast metabolism 3, gourmand, high mp
1, sense surroundings 1, regeneration 2, shaggy fur 1, strong 1, tough skin 2
a: Renounce Religion


You were on level 4 of the Lair of Beasts.
You worshipped Xom.
You were a favourite toy of Xom.
You were not hungry.

You visited 5 branches of the dungeon, and saw 27 of its levels.
You also visited: Labyrinth.

You collected 2935 gold pieces.
You spent 2663 gold pieces at shops.

Inventory:

Missiles
 h - 604 stones
 n - 12 large rocks (quivered)
 p - 9 tomahawks of returning
 G - 35 tomahawks
 T - 4 steel tomahawks
Armour
 a - a +1 hat (worn)
 d - a +2 cloak of magic resistance (worn)
 g - a +0 shield of reflection
 I - a +0 troll leather armour (worn)
 Q - a +0 shield of fire resistance (worn)
Rods
 P - a +4 rod of shadows (14/14)
   (You found it in a labyrinth)
Jewellery
 i - an amulet of guardian spirit (around neck)
 t - a +5 ring of protection (right claw)
 v - an uncursed ring of protection from cold
 E - a +2 ring of evasion
 J - a ring of poison resistance (left claw)
Wands
 w - a wand of acid (12/15)
 H - a wand of hasting (5/9)
 M - a wand of disintegration (14/24)
 U - a wand of teleportation (3/9)
 Y - a wand of digging (15/24)
Scrolls
 b - 3 scrolls of magic mapping
 e - 8 scrolls of remove curse
 q - 4 scrolls of blinking
 x - 5 scrolls of recharging
 y - 3 scrolls of amnesia
 N - a scroll of holy word
 O - 2 scrolls of identify
 X - a scroll of summoning
Potions
 j - 2 potions of flight
 m - 5 potions of haste
 r - 6 potions of curing
 s - 2 potions of ambrosia
 z - a potion of cure mutation
 C - 2 potions of brilliance
 K - 3 potions of resistance
 L - 4 potions of agility
 R - a potion of cancellation
 W - a potion of might
Miscellaneous
 c - a fan of gales (inert)
 S - a phial of floods (inert)
 Z - a sack of spiders {used: 7}
Comestibles
 f - 10 meat rations
 k - a royal jelly
 l - 11 slices of pizza
 u - 8 beef jerkies
 D - 3 fruits
 F - 5 bread rations


   Skills:
 - Level 10.1 Fighting
 - Level 10.0 Throwing
 + Level 9.3 Armour
 - Level 2.4 Dodging
 - Level 9.3 Shields
 * Level 16.7 Unarmed Combat
 - Level 10.0 Evocations


You had 15 spell levels left.
You didn't know any spells.

Dungeon Overview and Level Annotations

Branches:
Dungeon (15/15)            Temple (1/1) D:7            Lair (8/8) D:11
 Shoals (0/4) Lair:3       Spider (1/4) Lair:4        Slime (0/6) Lair:8
    Orc (2/2) D:12            Elf (0/3) Orc:2        Vaults (0/5) D:13
 Depths (0/5) D:15

Altars:
Ashenzari
Cheibriados
Dithmenos
Elyvilon
Fedhas
Gozag
Kikubaaqudgha
Makhleb
Nemelex Xobeh
Okawaru
Pakellas
Qazlal
Ru
Sif Muna
Trog
Vehumet
Xom
Yredelemnul
Zin
The Shining One
Beogh
Jiyva

Shops:
D:5 *   D:12 (   D:15 [(*:}   Orc:2 =*[(=

Annotations:
D:14 exclusion: Roxanne, Roxanne
Lair:8 exclusion: 3 oklob plants


Innate Abilities, Weirdness & Mutations

You are too large for most types of armour.
You have claws for hands.
Your metabolism is lightning-fast.
You like to eat raw meat.
You heal very quickly.
You are covered in fur (AC +1).
You have very tough skin (AC +2).
You have a beak for a mouth.
You are partially covered in molten scales (AC +1).
You are partially covered in rough black scales (AC +4, Dex -1).
You are very agile. (Dex +4)
You often lose your temper in combat.
Your mind is acute. (Int +2)
Your flesh is cold resistant.
You have an increased reservoir of magic (+10% MP).
You passively map a small area around you.
Your muscles are strong. (Str +2)


Message History

The wolf spider hits you!!
* * * LOW HITPOINT WARNING * * *
The wolf spider completely misses you.
The redback bites you but does no damage.
Drink which item? (? for menu, Esc to quit)
You feel better. You block the redback's attack.
The tarantella barely misses you.
The redback bites you but does no damage.
You block the wolf spider's attack. The wolf spider barely misses you.
The redback bites you but does no damage. x2
The tarantella bites you.
* * * LOW HITPOINT WARNING * * *
Drink which item? (? for menu, Esc to quit)
You fade into invisibility!
You block the redback's attack. The redback closely misses you.
The wolf spider closely misses you.
The wolf spider bites you but does no damage.
The redback barely misses you. The tarantella misses you.
The redback bites you!
You die...

### ###.###### #.#..#...##
##...#^...## ##.#...^.#..#
###..^.#...#..## ##### ##
#P..#.#ss.^##..###.#.# .####
#####.^^^#@s^#.^.#.##..#### ..[.#
#.##.#^^.s†s..............#
...P####.[..^###.^##^#.........##
....)..##....####.#^#..........#
...##..#.....#..###^#..........#
...###.#......^.#..#...........##
...# #.............†............#
...# #.....................[...##
...#####.......................#


You could see a wolf spider, a tarantella and 3 redbacks.

Vanquished Creatures
  Rupert (Lair:8)
  Frances (D:12)
  Donald (Lair:4)
  A frost giant (D:13)
  2 orc warlords (Orc:2)
  An emperor scorpion (Lair:8)
  Nessos (Lair:8)
  Snorg (Orc:1)
  A minotaur (Lab)
  An ettin (Orc:1)
  8 vault guards (D:13)
  2 catoblepae (Lair:8)
  4 hydras
  An entropy weaver (Lair:4)
  6 centaur warriors
  A death knight (D:15)
  18 death yaks (Lair:8)
  A hell hog (D:11)
  Nergalle (Lair:3)
  Sonja (Orc:2)
  A skeletal warrior (D:15)
  The ghost of bpy6 the Transmogrifier, a novice NaTm (D:8)
  The ghost of Lamnus the Carver, a novice MiGl of Okawaru (D:7)
  5 large abominations (D:13)
  A fire crab (Lair:8)
  3 unseen horrors
  4 lindwurms (Lair:6)
  5 wizards
  7 hill giants
  A necromancer (D:15)
  2 orc knights (Orc:2)
  2 cyclopes
  3 deep elf magi
  5 orc sorcerers
  6 wolf spiders
  12 ugly things
  A moth of wrath (Lair:4)
  A manticore (D:15)
  Maurice (D:8)
  5 black mambas
  A gargoyle (D:14)
  3 freezing wraiths
  A kobold demonologist (D:15)
  14 spiny frogs
  A rime drake (Lair:1)
  10 komodo dragons
  4 yaktaurs (D:15)
  5 demonic crawlers (Lair:4)
  A queen bee (Lair:2)
  5 jumping spiders (Lair:4)
  3 trolls
  3 slime creatures (D:13)
  A polar bear (Lair:7)
  Prince Ribbit (D:9)
  19 blink frogs
  A harpy skeleton (D:14)
  2 centaur simulacra (D:15)
  12 redbacks
  A vampire (D:12)
  A yak (shapeshifter) (D:13)
  2 shadows
  2 tarantellas (Lair:4)
  4 wyverns
  2 hogs (D:10)
  A wraith (D:15)
  50 yaks
  A hungry ghost (D:14)
  6 basilisks
  13 hippogriffs
  4 vampire mosquitoes
  2 wargs
  15 water moccasins
  7 porcupines
  An eye of draining (D:14)
  5 ice beasts
  36 orc warriors
  3 sky beasts
  2 phantoms
  A wasp (D:11)
  A black bear (Lair:4)
  2 necrophages
  17 centaurs
  15 ogres
  10 wolves
  3 big kobolds
  14 crocodiles
  6 small abominations (D:13)
  23 giant frogs
  A wyvern zombie (D:7)
  A wyvern skeleton (D:9)
  3 scorpions
  15 killer bees
  13 wights
  A howler monkey (D:9)
  6 crimson imps
  2 giant frog zombies
  3 quasits
  2 centaur zombies
  6 hounds
  25 orc priests
  43 orc wizards
  3 giant frog skeletons
  11 centaur skeletons
  6 jellies
  10 iguanas
  10 worker ants
  23 sheep
  A hound skeleton (D:10)
  2 worker ant zombies
  11 gnolls
  12 adders
  A howler monkey skeleton (D:5)
  22 river rats
  4 shadow imps
  An ooze (D:6)
  2 adder zombies
  3 adder skeletons
  2 worms
  5 dart slugs
  5 giant geckos
  121 orcs
  A bat (D:3)
  5 giant cockroaches
  3 goblins
  9 hobgoblins
  4 jackals
  3 quokkas
  2 ball pythons
  10 giant newts
  11 kobolds
  8 rats
  A fungus (Lair:7)
891 creatures vanquished.

Vanquished Creatures (collateral kills)
  An orc high priest (Orc:2)
  A hill giant (D:10)
  A komodo dragon (Lair:7)
  6 blink frogs
  A redback (Lair:4)
  3 yaks
  A human (D:10)
  An orc warrior (Orc:2)
  2 crocodiles
  A giant frog (Lair:4)
  A killer bee (D:9)
  An orc wizard (Orc:2)
  5 orcs (Orc:2)
25 creatures vanquished.

Vanquished Creatures (others)
  A wizard (D:12)
  A spiny frog (Lair:8)
  2 humans (D:13)
  2 sheep (Lair:6)
  An orc (D:11)
  12 fungi
  9 plants
28 creatures vanquished.

Grand Total: 944 creatures vanquished

Notes
Turn   | Place    | Note
--------------------------------------------------------------
     0 | D:1      | TrCK the Troll Fighter began the quest for the Orb.
     0 | D:1      | Reached XP level 1. HP: 22/22 MP: 0/0
   206 | D:1      | Reached XP level 2. HP: 29/29 MP: 1/1
   344 | D:1      | Reached skill level 3 in Unarmed Combat
   759 | D:2      | Reached XP level 3. HP: 36/36 MP: 2/2
   771 | D:2      | You fall through a shaft!
   921 | D:3      | Found a burning altar of Makhleb.
   924 | D:3      | Found a glowing silver altar of Zin.
   924 | D:3      | Noticed an angel
   925 | D:3      | Noticed an Executioner
  1058 | D:3      | Reached skill level 4 in Unarmed Combat
  1200 | D:3      | Found a deep blue altar of Sif Muna.
  1200 | D:3      | Found a radiant altar of Vehumet.
  1290 | D:3      | Reached XP level 4. HP: 44/44 MP: 3/3
  1481 | D:2      | Found a stormy altar of Qazlal.
  1482 | D:2      | Found a bloodstained altar of Trog.
  1589 | D:2      | Reached skill level 5 in Unarmed Combat
  2044 | D:4      | Reached XP level 5. HP: 35/50 MP: 2/4
  2267 | D:4      | Reached skill level 6 in Unarmed Combat
  2288 | D:4      | Found an opulent altar of Gozag.
  2302 | D:4      | Noticed an ogre
  2311 | D:4      | Killed an ogre
  2311 | D:4      | Reached XP level 6. HP: 45/59 MP: 5/5
  2456 | D:4      | Reached skill level 7 in Unarmed Combat
  2620 | D:4      | Reached skill level 1 in Throwing
  2647 | D:5      | Entered Level 5 of the Dungeon
  2647 | D:5      | Noticed an ice beast
  2656 | D:5      | Killed an ice beast
  2656 | D:5      | Reached XP level 7. HP: 63/66 MP: 4/6
  2665 | D:5      | Found Xunopety's General Store.
  2730 | D:5      | Bought a scroll of identify for 24 gold pieces
  2730 | D:5      | Bought 2 scrolls of identify for 48 gold pieces
  2734 | D:5      | Reached skill level 5 in Throwing
  2734 | D:5      | Reached skill level 10 in Unarmed Combat
  2734 | D:5      | Reached XP level 8. HP: 88/88 MP: 7/7
  2735 | D:5      | Reached XP level 9. HP: 100/100 MP: 8/8
  2932 | D:5      | Found a shadowy altar of Dithmenos.
  3257 | D:6      | Found a glowing golden altar of the Shining One.
  3510 | D:6      | Reached skill level 10 in Fighting
  4037 | D:7      | Reached XP level 10. HP: 109/109 MP: 9/9
  4192 | D:7      | Noticed a rust devil
  4220 | D:7      | Noticed Lamnus's ghost (novice MiGl)
  4240 | D:7      | Killed Lamnus's ghost
  4318 | D:7      | Noticed an angel
  4395 | D:7      | Found a staircase to the Ecumenical Temple.
  4407 | Temple   | Entered the Ecumenical Temple
  4627 | Temple   | Became a worshipper of Xom of Bloodstained Whimsey
  4913 | D:7      | XOM: harmless Ice miscast
  5037 | D:7      | XOM: mild Tloc miscast
  5069 | D:8      | Noticed bpy6's ghost (novice NaTm)
  5070 | D:8      | XOM: confusion
  5073 | D:8      | XOM: harmless Trmt miscast
  5077 | D:8      | XOM: medium Pois miscast
  5136 | D:8      | Killed bpy6's ghost
  5251 | D:8      | XOM: stat loss: -1 Str (25/26)
  5290 | D:8      | XOM: divination: magic mapping
  5291 | D:8      | XOM: silly message
  5420 | D:8      | XOM: mild Chrm miscast
  5545 | D:8      | XOM: divination: magic mapping
  5580 | D:8      | Reached skill level 10 in Throwing
  5708 | D:8      | XOM: scenery: create altars
  5720 | D:8      | Noticed Maurice
  5726 | D:8      | Killed Maurice
  6326 | D:9      | Noticed Prince Ribbit
  6332 | D:9      | Killed Prince Ribbit
  6332 | D:9      | Reached XP level 11. HP: 90/114 MP: 6/10
  6352 | D:9      | XOM: scenery: create altars
  6356 | D:9      | Reached skill level 11 in Unarmed Combat
  6490 | D:9      | XOM: summons 4 friendly demons
  6717 | D:9      | XOM: summons 4 friendly demons
  6900 | D:10     | Entered Level 10 of the Dungeon
  6973 | D:10     | Noticed a hill giant
  6974 | D:10     | Noticed a hill giant
  6979 | D:10     | XOM: cast spell 'Summon Ice Beast'
  6981 | D:10     | Killed a hill giant
  6981 | D:10     | XOM: confuse monster(s)
  6987 | D:10     | Killed a hill giant
  7103 | D:10     | Reached skill level 12 in Unarmed Combat
  7436 | D:10     | XOM: swap monsters
  7447 | D:10     | XOM: fog
  7455 | D:10     | Gained mutation: You occasionally shout uncontrollably at your foes. [mutagenic meat]
  7456 | D:10     | Gained mutation: You are agile. (Dex +2) [mutagenic meat]
  7457 | D:10     | Gained mutation: You are partially covered in rough black scales (AC +4, Dex -1). [mutagenic meat]
  7458 | D:10     | Gained mutation: You are very agile. (Dex +4) [mutagenic meat]
  7459 | D:10     | Gained mutation: You evolve. [mutagenic meat]
  7541 | D:10     | XOM: give mutations
  7541 | D:10     | Gained mutation: You are covered in thick fur (AC +2). [Xom's grace]
  7541 | D:10     | Gained mutation: You are robust (+10% HP). [Xom's grace]
  7634 | D:11     | Found a labyrinth entrance.
  7646 | Lab      | Entered a labyrinth
  7651 | Lab      | XOM: divination: magic mapping
  8069 | Lab      | Found an exit through the horrors of the Abyss.
  8080 | Lab      | XOM: scenery: create altars
  8084 | Lab      | XOM: cast spell 'Shadow Creatures'
  8139 | Lab      | Noticed a minotaur
  8154 | Lab      | Killed a minotaur
  8162 | Lab      | Identified the Guide on Spatial Toxins
  8162 | Lab      | Got a scorched lead amulet
  8181 | Lab      | XOM: cast spell 'Ice Form'
  8303 | D:11     | Identified the amulet of Wupnir {Gourm rElec MP+9} (You found it in a labyrinth)
  8325 | D:11     | Identified a +4 rod of shadows (14/14) (You found it in a labyrinth)
  8332 | D:11     | XOM: god gift: scale mail {god gift}
  8467 | D:11     | Found a staircase to the Lair.
  8513 | D:11     | XOM: polymorph wyvern -> wasp
  8646 | D:11     | Noticed a hill giant
  8647 | D:11     | Noticed a hell hog
  8647 | D:11     | a hill giant changed into a hell hog
  8647 | D:11     | XOM: polymorph hill giant -> hell hog
  8660 | D:11     | Killed a hell hog
  8673 | D:11     | Reached skill level 13 in Unarmed Combat
  8908 | D:11     | XOM: enchant monster (good)
  8948 | D:11     | Noticed a centaur warrior
  8963 | D:11     | Killed a centaur warrior
  8971 | D:11     | Reached XP level 12. HP: 119/135 MP: 7/11
  9033 | D:11     | Lost mutation: You are robust (+10% HP). [evolution]
  9248 | D:12     | Noticed a six-headed hydra
  9249 | D:12     | XOM: scenery: create altars
  9251 | D:12     | Killed a six-headed hydra
  9416 | D:12     | XOM: confuse monster(s)
  9417 | D:12     | Noticed Frances
  9426 | D:12     | XOM: butterfly on damage
  9428 | D:12     | XOM: summons friendly iron imp
  9432 | D:12     | XOM: 2-stop teleportation journey
  9446 | D:12     | XOM: swap monsters
  9506 | D:12     | XOM: summons 5 friendly demons
  9517 | D:12     | Reached skill level 14 in Unarmed Combat
  9543 | D:12     | Found a staircase to the Orcish Mines.
  9782 | D:11     | Gained mutation: Your spells are a little harder to cast, but a little more powerful. [evolution]
  9827 | D:12     | Killed Frances
  9832 | D:11     | Reached skill level 5 in Shields
  9912 | D:12     | XOM: god gift: 42 gold pieces
  9986 | D:12     | XOM: summons 4 friendly demons
 10139 | D:12     | Gained mutation: Your body sometimes deteriorates upon taking damage. [mutagenic meat]
 10180 | D:12     | XOM: divination: detect items
 10442 | D:12     | Found Oclysih's Weapon Shop.
 10560 | D:12     | Found a bloodstained altar of Trog.
 10632 | D:12     | XOM: give mutations
 10632 | D:12     | Gained mutation: Your muscles are strong. (Str +2) [Xom's grace]
 10632 | D:12     | Gained mutation: You are resistant to electric shocks. [Xom's grace]
 10632 | D:12     | Gained mutation: You have an increased reservoir of magic (+10% MP). [Xom's grace]
 10632 | D:12     | Gained mutation: You have sharp toenails. [Xom's grace]
 10664 | Lair:1   | Entered Level 1 of the Lair of Beasts
 10666 | Lair:1   | XOM: scenery: create altars
 10667 | Lair:1   | XOM: enchant monster (bad)
 10851 | Lair:1   | XOM: harmless Tloc miscast
 11023 | Lair:1   | XOM: cast spell 'Spider Form'
 11028 | Lair:1   | XOM: cast spell 'Summon Butterflies'
 11397 | Lair:1   | XOM: mild Erth miscast
 11747 | Lair:2   | XOM: god gift: 26 stones
 11847 | Lair:2   | Reached skill level 15 in Unarmed Combat
 11855 | Lair:2   | XOM: give mutation
 11855 | Lair:2   | Gained mutation: Your flesh is cold resistant. [Xom's grace]
 11906 | Lair:2   | XOM: polymorph yak -> queen bee
 11908 | Lair:2   | Reached XP level 13. HP: 97/130 MP: 11/13
 12036 | Lair:2   | XOM: god gift: 36 gold pieces
 12058 | Lair:2   | XOM: divination: detect creatures
 12134 | Lair:3   | XOM: confuse monster(s)
 12136 | Lair:3   | Reached skill level 1 in Evocations
 12269 | Lair:3   | XOM: enchant monster (good)
 12478 | Lair:3   | Noticed Nergalle
 12488 | Lair:3   | Killed Nergalle
 12586 | Lair:3   | XOM: god gift: 470 gold pieces
 12687 | Lair:3   | Gained mutation: You are partially covered in molten scales (AC +1). [evolution]
 12707 | Lair:3   | Found a staircase to the Shoals.
 12890 | Lair:3   | XOM: summons 4 friendly demons
 13062 | Lair:4   | XOM: summons friendly quasit
 13067 | Lair:4   | XOM: swap monsters
 13207 | Lair:4   | XOM: summons 6 friendly demons
 13445 | Lair:4   | Found a hole to the Spider Nest.
 13839 | Lair:5   | XOM: cast spell 'Chain of Chaos'
 14034 | Lair:5   | XOM: give mutations
 14034 | Lair:5   | Lost mutation: You have sharp toenails. [Xom's mischief]
 14034 | Lair:5   | Lost mutation: You occasionally shout uncontrollably at your foes. [Xom's mischief]
 14034 | Lair:5   | Gained mutation: Your body often deteriorates upon taking damage. [Xom's mischief]
 14123 | Lair:5   | XOM is BORED!
 14396 | Lair:6   | XOM: 2-stop teleportation journey
 14476 | Lair:6   | XOM: harmless Fire miscast
 14478 | Lair:6   | XOM: 9-stop teleportation journey
 14480 | Lair:6   | XOM: confuse monster(s)
 14492 | Lair:6   | XOM: harmless Air miscast
 14514 | Lair:6   | XOM: 1-stop teleportation journey
 14625 | Lair:6   | XOM: 5-stop teleportation journey
 14698 | Lair:6   | XOM: mild Trmt miscast
 14707 | Lair:6   | XOM: enchant monster (bad)
 14711 | Lair:6   | XOM: colour smoke trail
 14764 | Lair:6   | XOM: summons friendly shadow imp
 14782 | Lair:6   | XOM: divination: detect creatures
 14787 | Lair:6   | XOM: cast spell 'Summon Butterflies'
 14898 | Lair:6   | XOM: mild Divn miscast
 14934 | Lair:6   | XOM: severe Conj miscast
 15140 | Lair:6   | XOM: give mutation
 15140 | Lair:6   | Gained mutation: Scrolls take you a little longer to read. [Xom's mischief]
 15269 | Lair:7   | XOM: 1-stop teleportation journey
 15279 | Lair:7   | XOM: mild Pois miscast
 15283 | Lair:7   | Reached skill level 5 in Evocations
 15310 | Lair:7   | XOM: mild Trmt miscast
 15375 | Lair:7   | XOM: 2-stop teleportation journey
 15520 | Lair:7   | XOM: enchant monster (good)
 15535 | Lair:7   | XOM: harmless Divn miscast
 15544 | Lair:7   | XOM: cast spell 'Monstrous Menagerie'
 15754 | Lair:7   | Reached XP level 14. HP: 140/140 MP: 19/19
 16160 | Lair:7   | XOM: harmless Conj miscast
 16236 | Lair:8   | Entered Level 8 of the Lair of Beasts
 16471 | Lair:8   | Noticed Nessos
 16472 | Lair:8   | XOM: divination: detect creatures
 16477 | Lair:8   | XOM: destruction
 16481 | Lair:8   | XOM: snakes to sticks
 16481 | Lair:8   | HP: 6/143 [eight-headed hydra (9)]
 16569 | Lair:8   | XOM: silly message
 16626 | Lair:8   | XOM: summons friendly crimson imp
 16628 | Lair:8   | XOM: scenery: create altars
 16633 | Lair:8   | Killed Nessos
 16820 | Lair:8   | Found a viscous altar of Jiyva.
 16820 | Lair:8   | Found a staircase to the Slime Pits.
 16828 | Lair:8   | XOM: 4-stop teleportation journey
 17136 | Lair:8   | Reached skill level 1 in Armour
 17137 | Lair:8   | XOM: harmless Trmt miscast
 17147 | Lair:8   | Noticed an emperor scorpion
 17147 | Lair:8   | a catoblepas changed into an emperor scorpion
 17147 | Lair:8   | XOM: polymorph catoblepas -> emperor scorpion
 17391 | Lair:8   | Killed an emperor scorpion
 17504 | Lair:8   | XOM: confusion
 17520 | Lair:8   | XOM: polymorph death yak -> death yak
 17521 | Lair:8   | XOM: potion effect (curing)
 17533 | Lair:8   | XOM: potion effect (agility)
 17539 | Lair:8   | XOM: potion effect (curing)
 17596 | Lair:8   | XOM: potion effect (magic)
 17602 | Lair:8   | XOM: harmless Hex miscast
 17605 | Lair:8   | XOM: potion effect (berserk rage)
 17606 | Lair:8   | XOM: harmless Conj miscast
 17830 | Lair:8   | Noticed Rupert
 17831 | Lair:8   | XOM: potion effect (berserk rage)
 17845 | Lair:8   | Killed Rupert
 18165 | Lair:8   | XOM: silly message
 18174 | Lair:8   | XOM: silly message
 18192 | Lair:8   | XOM: confuse monster(s)
 18193 | Lair:8   | XOM: harmless Fire miscast
 18268 | Lair:8   | XOM: silly message
 18289 | Lair:8   | XOM: harmless Tloc miscast
 18346 | Lair:8   | XOM: harmless Pois miscast
 18537 | D:12     | XOM: harmless Hex miscast
 18550 | Orc:1    | Entered Level 1 of the Orcish Mines
 18578 | Orc:1    | Noticed Snorg
 18579 | Orc:1    | XOM: potion effect (berserk rage)
 18580 | Orc:1    | XOM: potion effect (haste)
 18581 | Orc:1    | XOM: potion effect (might)
 18587 | Orc:1    | Killed Snorg
 18665 | Orc:2    | Entered Level 2 of the Orcish Mines
 18721 | Orc:2    | XOM: potion effect (berserk rage)
 18799 | Orc:1    | XOM: harmless Summ miscast
 18821 | Orc:1    | Reached skill level 5 in Armour
 19038 | Orc:1    | XOM: polymorph orc warrior -> wyvern
 19125 | Orc:1    | Reached XP level 15. HP: 149/149 MP: 22/22
 19356 | Orc:2    | Found a roughly hewn altar of Beogh.
 19386 | Orc:2    | Found Qyish's Assorted Antiques.
 19391 | Orc:2    | Bought a shiny wooden wand for 108 gold pieces
 19412 | Orc:2    | Noticed Sonja
 19415 | Orc:2    | XOM: confuse monster(s)
 19423 | Orc:2    | XOM: potion effect (might)
 19439 | Orc:2    | Killed Sonja
 19503 | Orc:2    | Found a roughly hewn altar of Beogh.
 19661 | Orc:2    | Found a roughly hewn altar of Beogh.
 19726 | Orc:2    | Found Vaifo's Jewellery Shop.
 19732 | Orc:2    | Found a staircase to the Elven Halls.
 19733 | Orc:2    | Noticed an orc warlord
 19754 | Orc:2    | XOM: divination: magic mapping
 19757 | Orc:2    | XOM: enchant monster (good)
 19795 | Orc:2    | Killed an orc warlord
 19856 | Orc:2    | XOM: divination: magic mapping
 19864 | Orc:2    | XOM: polymorph soldier ant -> queen bee
 19866 | Orc:2    | Found a roughly hewn altar of Beogh.
 19954 | Orc:2    | Found a roughly hewn altar of Beogh.
 20069 | Orc:2    | Noticed an orc warlord
 20069 | Orc:2    | XOM: divination: detect items
 20275 | Orc:2    | Found a roughly hewn altar of Beogh.
 20294 | Orc:2    | XOM: mild Necr miscast
 20339 | Orc:2    | XOM: potion effect (agility)
 20346 | Orc:2    | XOM: polymorph orc -> adder
 20365 | Orc:2    | XOM: confuse monster(s)
 20367 | Orc:2    | XOM: summons friendly crimson imp
 20370 | Orc:2    | Killed an orc warlord
 20640 | Orc:2    | Found a roughly hewn altar of Beogh.
 20655 | Orc:2    | Found Ipnaugan's Jewellery Emporium.
 20694 | Orc:2    | Found Beleuq's Antique Armour Emporium.
 20695 | Orc:2    | Found a roughly hewn altar of Beogh.
 20696 | Orc:2    | Found Huakupt's Antique Weapon Shoppe.
 20804 | Orc:2    | XOM: summons friendly quasit
 20822 | Orc:2    | Bought a +5 ring of protection for 770 gold pieces
 20822 | Orc:2    | Bought an uncursed ring of poison resistance for 280 gold pieces
 20875 | D:13     | XOM: swap monsters
 21029 | D:13     | Noticed Kirke
 21029 | D:13     | Noticed Kirke
 21029 | D:13     | Kirke changed into Kirke the frost giant
 21029 | D:13     | XOM: polymorph Kirke -> Kirke the frost giant
 21036 | D:13     | Killed Kirke the frost giant
 21168 | D:13     | XOM: fake destruction
 21348 | D:13     | XOM: summons friendly ufetubus
 21392 | D:13     | XOM: fog
 21396 | D:13     | XOM: 2-stop teleportation journey
 21410 | D:13     | Gained mutation: You tend to lose your temper in combat. [evolution]
 21454 | D:13     | XOM: summons friendly quasit
 21459 | D:13     | Found a gate to the Vaults.
 21464 | D:13     | XOM: enchant monster (bad)
 21522 | D:13     | XOM: harmless Trmt miscast
 21688 | D:13     | XOM: noise
 21694 | D:13     | XOM: polymorph small abomination -> freezing wraith
 21721 | D:13     | XOM: swap monsters
 21854 | D:13     | Identified the Incunabulum of Quantum Bewitchment
 21994 | D:13     | Lost mutation: Your spells are a little harder to cast, but a little more powerful. [potion of mutation]
 22012 | D:13     | XOM: colour smoke trail
 22092 | D:14     | Reached skill level 10 in Evocations
 22221 | D:14     | Found a blossoming altar of Fedhas.
 22225 | D:14     | Noticed Roxanne
 22231 | D:14     | XOM: cast spell 'Cause Fear'
 22237 | D:14     | XOM: fake destruction
 22303 | D:14     | XOM: harmless Divn miscast
 22309 | D:14     | XOM: summons 7 friendly demons
 22512 | D:14     | XOM: cast spell 'Summon Butterflies'
 22561 | D:14     | Gained mutation: You often lose your temper in combat. [mutagenic meat]
 22562 | D:14     | Lost mutation: Your body often deteriorates upon taking damage. [mutagenic meat]
 22563 | D:14     | Lost mutation: You are very agile. (Dex +4) [mutagenic meat]
 22589 | D:14     | XOM: cast spell 'Summon Butterflies'
 22606 | D:14     | XOM: mild Conj miscast
 22661 | D:14     | Found a glowing golden altar of the Shining One.
 22718 | D:14     | XOM: mild Trmt miscast
 22907 | D:15     | Entered Level 15 of the Dungeon
 22982 | D:15     | XOM: noise
 23039 | D:15     | Lost mutation: Scrolls take you a little longer to read. [mutagenic meat]
 23040 | D:15     | Lost mutation: Your body sometimes deteriorates upon taking damage. [mutagenic meat]
 23041 | D:15     | Lost mutation: You are covered in thick fur (AC +2). [mutagenic meat]
 23042 | D:15     | Lost mutation: You are resistant to electric shocks. [mutagenic meat]
 23043 | D:15     | Gained mutation: You passively map a small area around you. [mutagenic meat]
 23078 | D:15     | XOM: mild Air miscast
 23094 | D:15     | XOM: harmless Tloc miscast
 23096 | D:15     | Reached XP level 16. HP: 146/158 MP: 20/24
 23163 | D:15     | Found Izaruwidgh's Antique Armour Shoppe.
 23167 | D:15     | Bought an embroidered cloak for 103 gold pieces
 23266 | D:15     | Found a staircase to the Depths.
 23281 | D:15     | Reached skill level 16 in Unarmed Combat
 23400 | D:15     | Found Waaqeed's Gadget Emporium.
 23416 | D:15     | Bought a fan of gales for 640 gold pieces
 23564 | D:15     | Found Nezxar's Antique Weapon Boutique.
 23592 | D:15     | Found Fuapicy's Book Emporium.
 23622 | D:15     | XOM: harmless Tloc miscast
 23777 | D:15     | Lost mutation: You evolve. [mutagenic meat]
 23791 | D:15     | Found Ganiudd's General Store.
 23794 | D:15     | Bought a scroll of identify for 24 gold pieces
 23794 | D:15     | Bought a phial of floods for 480 gold pieces
 23794 | D:15     | Bought a scroll of recharging for 114 gold pieces
 23794 | D:15     | Bought 3 scrolls of identify for 72 gold pieces
 24160 | Spider:1 | Entered Level 1 of the Spider Nest
 24193 | Spider:1 | Noticed Donald
 24299 | Spider:1 | XOM: summons friendly white imp
 24314 | Lair:4   | XOM: enchant monster (good)
 24322 | Lair:4   | Killed Donald
 24526 | Lair:4   | XOM: give mutations
 24526 | Lair:4   | Gained mutation: You are very agile. (Dex +4) [Xom's grace]
 24526 | Lair:4   | Gained mutation: Your mind is acute. (Int +2) [Xom's grace]
 24526 | Lair:4   | Gained mutation: You have a beak for a mouth. [Xom's grace]
 24536 | Lair:4   | XOM: cast spell 'Death Channel'
 24588 | Lair:4   | XOM: god gift: 30 gold pieces
 24633 | Lair:4   | HP: 4/158 [tarantella (9)]
 24814 | Lair:4   | HP: 2/158 [wolf spider (20)]
 24816 | Lair:4   | Slain by a redback

Skill      XL: |  1  2  3  4  5  6  7  8  9 10 11 12 13 14 15 16 |
---------------+-------------------------------------------------+-----
Unarmed Combat | 3 4 5 6 7 10 13 15 16 | 16.7
Throwing       | 1 5 8 10 | 10.0
Fighting       | 7 9 10 | 10.1
Shields        | 3 5 8 9 |  9.3
Evocations     | 5 8 10 | 10.0
Armour         | 5 8 9 |  9.3
Dodging        | |  2.4

Action                   |  1- 3 |  4- 6 |  7- 9 | 10-12 | 13-15 | 16-18 || total
-------------------------+-------+-------+-------+-------+-------+-------++-------
Melee: Unarmed           |   100 |   111 |   111 |   746 |  1554 |   273 ||  2895
       Punch             |       |     7 |     7 |    26 |       |       ||    40
       Kick              |       |       |       |    27 |    87 |       ||   114
       Peck              |       |       |       |       |       |    15 ||    15
Throw: Stone             |       |     2 |       |       |       |       ||     2
       Large rock        |       |     1 |       |    17 |    29 |       ||    47
       Tomahawk          |       |       |       |       |     2 |       ||     2
Evoke: Wand              |       |       |       |     2 |     1 |     1 ||     4
       Rod               |       |       |       |       |     6 |       ||     6
       Sack of spiders   |       |       |       |       |     8 |     2 ||    10
       Fan of gales      |       |       |       |       |       |     1 ||     1
       Phial of floods   |       |       |       |       |       |     1 ||     1
  Use: Scroll            |     5 |     6 |     8 |    13 |    15 |     5 ||    52
       Potion            |       |       |     2 |     6 |     6 |     5 ||    19
 Stab: Sleeping          |       |       |     2 |       |     2 |       ||     4
       Invisible         |       |       |       |     2 |       |       ||     2
       Distracted        |       |       |       |     2 |     6 |     2 ||    10
       Confused          |       |       |       |     2 |    10 |       ||    12
       Petrified         |       |       |       |       |     1 |       ||     1
       Held in net/web   |       |       |       |       |     3 |       ||     3
       Paralysed         |       |       |       |       |     1 |       ||     1
       Betrayed ally     |       |       |       |       |       |     1 ||     1
  Eat: Chunk             |    16 |    13 |    13 |    77 |   119 |    19 ||   257
       Meat ration       |       |       |       |       |       |     1 ||     1
Armor: Robe              |    22 |    35 |    28 |   162 |       |       ||   247
       Skin              |       |       |       |     3 |       |       ||     3
       Troll leather arm |       |       |       |    10 |   357 |   256 ||   623
Dodge: Dodged            |    44 |    44 |    43 |   294 |   449 |   131 ||  1005
Block: Shield            |       |       |       |   138 |   698 |   224 ||  1060
